TOP OF THE 1ST |
Detroit (APP) Tigers batting - Pitching for Orem Owlz : RHP Luis Cabrera
|
Pitching: RHP Luis Cabrera
|
|
Batting: RHB Jon Goldstein
|
0-0: Foul Ball, location: 2F 0-1: Ball 1-1: Swinging Strike 1-2: Ground out U3 (Groundball, 13, EV 84.4 MPH)
|
Batting: RHB Keith Hoffman
|
0-0: Ball 1-0: Ball 2-0: Ground out U3 (Groundball, 3, EV 76.3 MPH)
|
Batting: SHB Ross Holland
|
0-0: Called Strike 0-1: Ball 1-1: Foul Ball, location: 2F 1-2: Foul Ball, location: 2F 1-2: DOUBLE (Groundball, 3L, EV 97.5 MPH)
|
Batting: LHB Jon Frederick
|
0-0: Ball 1-0: Swinging Strike 1-1: Ball 2-1: Ball 3-1: Base on Balls
|
Batting: RHB Adam MacConnell
|
0-0: Called Strike 0-1: Ball Wild Pitch! Ross Holland to third Jon Frederick to second 1-1: Ball 2-1: Hit by Pitch
|
Pinch Runner at 1st Tony Murray:
|
|
Batting: RHB Jose Evangelista
|
0-0: Fly out, F4 (Popup, 4, EV 64.4 MPH)
|
Top of the 1st over - 0 runs, 1 hit, 0 errors, 3 left on base; Detroit (APP) 0 - Orem 0 |
BOTTOM OF THE 1ST |
Orem Owlz batting - Pitching for Detroit (APP) Tigers : RHP Alan Grossfeld
|
Pitching: RHP Alan Grossfeld
|
|
Now at 1B: Tony Murray
|
|
Batting: SHB Butch Brown
|
0-0: Foul Ball, location: 2F 0-1: Swinging Strike 0-2: Ball 1-2: Fly out, F8 (Flyball, 8RD, EV 90.6 MPH)
|
Batting: LHB Justin Alexander
|
0-0: Called Strike 0-1: Called Strike 0-2: Ball 1-2: Foul Ball, location: 2F 1-2: Foul Ball, location: 2F 1-2: Ball 2-2: DOUBLE (Line Drive, 89M, EV 103.8 MPH)
|
Batting: LHB Brett Bugge
|
0-0: Called Strike 0-1: Ball 1-1: Ball 2-1: Ball 3-1: Base on Balls
|
Batting: RHB Mike Alm
|
0-0: Ball 1-0: Ball 2-0: Foul Ball, location: 2F 2-1: Ball Justin Alexander steals 3rd base 3-1: Foul Ball, location: 2F 3-2: Foul Ball, location: 2F 3-2: Base on Balls Brett Bugge to second
|
Batting: RHB Ryan Pelletier
|
0-0: Ball 1-0: Ground out 6-3 (Groundball, 6MD, EV 96.3 MPH) Justin Alexander scores Brett Bugge to third Mike Alm to second
|
Batting: RHB Danny Bjarnson
|
0-0: Called Strike 0-1: Ball 1-1: Ball 2-1: Fly out, F8 (Flyball, 8RD, EV 88.1 MPH)
|
Bottom of the 1st over - 1 run, 1 hit, 0 errors, 2 left on base; Detroit (APP) 0 - Orem 1 |
TOP OF THE 2ND |
Detroit (APP) Tigers batting - Pitching for Orem Owlz : RHP Luis Cabrera
|
Batting: RHB Billy Verdusco
|
0-0: Called Strike 0-1: Called Strike 0-2: Ball 1-2: Fly out, F9 (Flyball, 89S, EV 90.6 MPH)
|
Batting: RHB Jamie Villagrana
|
0-0: Called Strike 0-1: Ball 1-1: Ball 2-1: Swinging Strike 2-2: Ball 3-2: Strikes out looking
|
Batting: RHB Willie Ochoa
|
0-0: Foul Ball, location: 2F 0-1: Called Strike 0-2: Foul Ball, location: 2F 0-2: Ground out 5-3 (Groundball, 56S, EV 83.8 MPH)
|
Top of the 2nd over - 0 runs, 0 hits, 0 errors, 0 left on base; Detroit (APP) 0 - Orem 1 |
BOTTOM OF THE 2ND |
Orem Owlz batting - Pitching for Detroit (APP) Tigers : RHP Alan Grossfeld
|
Batting: RHB J.R. Roberts
|
0-0: Called Strike 0-1: Swinging Strike 0-2: Foul Ball, location: 2F 0-2: SINGLE (Groundball, 4MD, EV 95.6 MPH)
|
Batting: RHB Jose Ramirez
|
0-0: Ball 1-0: Ball 2-0: Foul Ball, location: 2F 2-1: Ball Wild Pitch! J.R. Roberts to second 3-1: Base on Balls
|
Batting: RHB Javier Castaneda
|
0-0: Foul Ball, location: 2F 0-1: Ball 1-1: Ball 2-1: DOUBLE (Groundball, 5L, EV 106.9 MPH) J.R. Roberts scores Jose Ramirez to third Runner from 3rd tries for Home, SAFE, no throw by LF
|
Batting: SHB Butch Brown
|
0-0: Called Strike 0-1: Ground out 4-3 (Groundball, 4, EV 78.8 MPH) Javier Castaneda to third
|
Batting: LHB Justin Alexander
|
0-0: Ball 1-0: Called Strike 1-1: Swinging Strike 1-2: Foul Ball, location: 2F 1-2: Ball 2-2: Ball 3-2: Foul Ball, location: 2F 3-2: Ground out 6-3 (Groundball, 56, EV 98.8 MPH) Javier Castaneda scores
|
Batting: LHB Brett Bugge
|
0-0: Ball 1-0: Foul Ball, location: 2F 1-1: Ball 2-1: DOUBLE (Line Drive, 3D, EV 106.9 MPH)
|
Batting: RHB Mike Alm
|
0-0: Foul Ball, location: 2F 0-1: Swinging Strike 0-2: Foul Ball, location: 2F 0-2: Strikes out swinging
|
Bottom of the 2nd over - 3 runs, 3 hits, 0 errors, 1 left on base; Detroit (APP) 0 - Orem 4 |
TOP OF THE 3RD |
Detroit (APP) Tigers batting - Pitching for Orem Owlz : RHP Luis Cabrera
|
Batting: RHB Jon Goldstein
|
0-0: Ball 1-0: Ball 2-0: Called Strike 2-1: Ball 3-1: Base on Balls
|
Batting: RHB Keith Hoffman
|
0-0: Swinging Strike 0-1: Foul Ball, location: 2F 0-2: Strikes out swinging
|
Batting: SHB Ross Holland
|
0-0: Ball 1-0: Foul Ball, location: 2F 1-1: Foul Ball, location: 2F 1-2: Ball 2-2: Reached on error, E5 (Groundball, 56, EV 79.4 MPH) Jon Goldstein to second
|
Batting: LHB Jon Frederick
|
0-0: Ball 1-0: Ball Jon Goldstein is caught stealing 3rd base 2-5 Ross Holland to second 2-0: Called Strike 2-1: Fly out, F7 (Line Drive, 7, EV 91.9 MPH)
|
Top of the 3rd over - 0 runs, 0 hits, 1 error, 1 left on base; Detroit (APP) 0 - Orem 4 |
BOTTOM OF THE 3RD |
Orem Owlz batting - Pitching for Detroit (APP) Tigers : RHP Alan Grossfeld
|
Batting: RHB Ryan Pelletier
|
0-0: DOUBLE (Line Drive, 5D, EV 96.9 MPH)
|
Batting: RHB Danny Bjarnson
|
0-0: Called Strike 0-1: DOUBLE (Flyball, 89D, EV 110.6 MPH) Ryan Pelletier scores
|
Pitching: RHP Bert Hernandez
|
|
Batting: RHB J.R. Roberts
|
0-0: Called Strike 0-1: Foul Ball, location: 2F 0-2: Ground out 6-3 (Groundball, 6, EV 80.6 MPH) Danny Bjarnson to third
|
Batting: RHB Jose Ramirez
|
0-0: 2-RUN HOME RUN (Flyball, 8LXD, EV 106.9 MPH), Distance : 436 ft
|
Batting: RHB Javier Castaneda
|
0-0: Called Strike 0-1: Swinging Strike 0-2: Strikes out swinging
|
Batting: SHB Butch Brown
|
0-0: Called Strike 0-1: Ball 1-1: Ball 2-1: Swinging Strike 2-2: Ball 3-2: Fly out, F7 (Flyball, 78S, EV 91.3 MPH)
|
Bottom of the 3rd over - 3 runs, 3 hits, 0 errors, 0 left on base; Detroit (APP) 0 - Orem 7 |
TOP OF THE 4TH |
Detroit (APP) Tigers batting - Pitching for Orem Owlz : RHP Luis Cabrera
|
Batting: RHB Tony Murray
|
0-0: Ball 1-0: Ball 2-0: Ball 3-0: Called Strike 3-1: Base on Balls
|
Batting: RHB Jose Evangelista
|
0-0: Fly out, F9 (Flyball, 89D, EV 106.3 MPH)
|
Batting: RHB Billy Verdusco
|
0-0: Ball 1-0: Hit by Pitch Tony Murray to second
|
Batting: RHB Jamie Villagrana
|
0-0: Foul Ball, location: 2F 0-1: Called Strike 0-2: Ball 1-2: Ball 2-2: Foul Ball, location: 2F 2-2: Foul Ball, location: 2F 2-2: Ball 3-2: Grounds into double play, 6-4-3 (Groundball, 6, EV 89.4 MPH)
|
Top of the 4th over - 0 runs, 0 hits, 0 errors, 1 left on base; Detroit (APP) 0 - Orem 7 |
BOTTOM OF THE 4TH |
Orem Owlz batting - Pitching for Detroit (APP) Tigers : RHP Bert Hernandez
|
Batting: LHB Justin Alexander
|
0-0: Foul Ball, location: 2F 0-1: Ground out 4-3 (Groundball, 4, EV 83.1 MPH)
|
Batting: LHB Brett Bugge
|
0-0: Foul Ball, location: 2F 0-1: Ball 1-1: SINGLE (Groundball, 4D, EV 95.0 MPH)
|
Batting: RHB Mike Alm
|
0-0: Foul Ball, location: 2F 0-1: Ball 1-1: Foul Ball, location: 2F 1-2: SINGLE (Groundball, 56D, EV 95.6 MPH) Brett Bugge to second
|
Batting: RHB Ryan Pelletier
|
0-0: Ball 1-0: Fielders Choice at 2nd, 2-4 (Groundball, 2L, EV 72.5 MPH) Brett Bugge to third
|
Batting: RHB Danny Bjarnson
|
0-0: Ball 1-0: Ball 2-0: Swinging Strike 2-1: Foul Ball, location: 2F 2-2: Ball 3-2: Strikes out swinging
|
Bottom of the 4th over - 0 runs, 2 hits, 0 errors, 2 left on base; Detroit (APP) 0 - Orem 7 |
TOP OF THE 5TH |
Detroit (APP) Tigers batting - Pitching for Orem Owlz : RHP Luis Cabrera
|
Batting: RHB Willie Ochoa
|
0-0: Ball 1-0: Swinging Strike 1-1: Ball 2-1: Ball 3-1: Called Strike 3-2: Reached on error, E6 (Groundball, 6M, EV 96.3 MPH)
|
Batting: RHB Jon Goldstein
|
0-0: Swinging Strike 0-1: Ball 1-1: Ball 2-1: Ball 3-1: Fielders Choice at 2nd, 5-4 (Groundball, 56, EV 82.5 MPH)
|
Batting: RHB Keith Hoffman
|
0-0: Called Strike Jon Goldstein steals 2nd base 0-1: Fly out, F6 (Flyball, 56D, EV 78.8 MPH)
|
Batting: SHB Ross Holland
|
0-0: Ball 1-0: Called Strike 1-1: Ball 2-1: Foul Ball, location: 2F 2-2: Ball 3-2: Foul Ball, location: 2F 3-2: Foul Ball, location: 2F 3-2: Strikes out swinging, 2-3 out at first.
|
Top of the 5th over - 0 runs, 0 hits, 1 error, 1 left on base; Detroit (APP) 0 - Orem 7 |
BOTTOM OF THE 5TH |
Orem Owlz batting - Pitching for Detroit (APP) Tigers : RHP Bert Hernandez
|
Batting: RHB J.R. Roberts
|
0-0: Foul Ball, location: 2F 0-1: Ball 1-1: Ball 2-1: Ground out 6-3 (Groundball, 6, EV 99.4 MPH)
|
Batting: RHB Jose Ramirez
|
0-0: Called Strike 0-1: Ball 1-1: Swinging Strike 1-2: Ball 2-2: Ball 3-2: Foul Ball, location: 2F 3-2: Base on Balls
|
Pitching: LHP Josh Sinclair
|
|
Batting: RHB Javier Castaneda
|
0-0: Ball Jose Ramirez steals 2nd base (no throw) 1-0: SINGLE (Groundball, 34D, EV 94.4 MPH) Jose Ramirez to third Runner from 3rd tries for Home, SAFE, throw by RF to home Javier Castaneda to second
|
Batting: SHB Butch Brown
|
0-0: Foul Ball, location: 2F 0-1: Called Strike 0-2: Ball 1-2: Ball 2-2: Foul Ball, location: 2F 2-2: Ground out U3 (Groundball, 3, EV 86.9 MPH) Javier Castaneda to third
|
Batting: LHB Justin Alexander
|
0-0: Swinging Strike 0-1: Foul Ball, location: 2F 0-2: Strikes out swinging
|
Bottom of the 5th over - 1 run, 1 hit, 0 errors, 1 left on base; Detroit (APP) 0 - Orem 8 |
TOP OF THE 6TH |
Detroit (APP) Tigers batting - Pitching for Orem Owlz : RHP Luis Cabrera
|
Batting: LHB Jon Frederick
|
0-0: Ball 1-0: Fly out, F8 (Flyball, 8RD, EV 104.4 MPH)
|
Batting: RHB Tony Murray
|
0-0: Ball 1-0: Ball 2-0: Foul Ball, location: 2F 2-1: Foul Ball, location: 2F 2-2: Foul Ball, location: 2F 2-2: DOUBLE (Line Drive, 9LM, EV 110.0 MPH)
|
Batting: RHB Jose Evangelista
|
0-0: Ball 1-0: Ball 2-0: Called Strike 2-1: Ball 3-1: Base on Balls
|
Pitching: RHP Owen Prouty
|
|
Batting: RHB Billy Verdusco
|
0-0: Foul Ball, location: 2F 0-1: Foul Ball, location: 2F 0-2: Fielders Choice at 2nd, 4-6 (Groundball, 4, EV 86.3 MPH) Tony Murray to third
|
Batting: RHB Jamie Villagrana
|
0-0: Called Strike 0-1: Ball 1-1: Foul Ball, location: 2F 1-2: Fly out, F9 (Line Drive, 9, EV 101.3 MPH)
|
Top of the 6th over - 0 runs, 1 hit, 0 errors, 2 left on base; Detroit (APP) 0 - Orem 8 |
BOTTOM OF THE 6TH |
Orem Owlz batting - Pitching for Detroit (APP) Tigers : LHP Josh Sinclair
|
Batting: LHB Brett Bugge
|
0-0: Called Strike 0-1: Fly out, F8 (Line Drive, 8RD, EV 90.6 MPH)
|
Batting: RHB Mike Alm
|
0-0: Called Strike 0-1: Ball 1-1: Ball 2-1: Ball 3-1: Base on Balls
|
Batting: RHB Ryan Pelletier
|
0-0: Ball 1-0: Ball 2-0: Ball 3-0: Base on Balls Mike Alm to second
|
Batting: RHB Danny Bjarnson
|
0-0: Called Strike 0-1: Ball 1-1: Fielders Choice at 2nd, 5-4 (Groundball, 56D, EV 91.3 MPH) Mike Alm to third
|
Batting: RHB J.R. Roberts
|
0-0: Ground out 5-3 (Groundball, 56S, EV 79.4 MPH)
|
Bottom of the 6th over - 0 runs, 0 hits, 0 errors, 2 left on base; Detroit (APP) 0 - Orem 8 |
TOP OF THE 7TH |
Detroit (APP) Tigers batting - Pitching for Orem Owlz : RHP Owen Prouty
|
Batting: RHB Willie Ochoa
|
0-0: Called Strike 0-1: Swinging Strike 0-2: Ball 1-2: Ball 2-2: Fly out, F8 (Flyball, 78D, EV 106.3 MPH)
|
Batting: RHB Jon Goldstein
|
0-0: Ball 1-0: Foul Ball, location: 2F 1-1: Swinging Strike 1-2: Strikes out looking
|
Pinch Hitting: RHB Cory Wilkins
|
0-0: Ball 1-0: Ball 2-0: Ball 3-0: Called Strike 3-1: Foul Ball, location: 2F 3-2: Foul Ball, location: 2F 3-2: Ground out 6-3 (Groundball, 6, EV 84.4 MPH)
|
Top of the 7th over - 0 runs, 0 hits, 0 errors, 0 left on base; Detroit (APP) 0 - Orem 8 |
BOTTOM OF THE 7TH |
Orem Owlz batting - Pitching for Detroit (APP) Tigers : LHP Josh Sinclair
|
Now in LF: Cory Wilkins
|
|
Batting: RHB Jose Ramirez
|
0-0: Foul Ball, location: 2F 0-1: Foul Ball, location: 2F 0-2: Ball 1-2: Ground out 6-3 (Groundball, 4M, EV 101.9 MPH)
|
Batting: RHB Javier Castaneda
|
0-0: Ball 1-0: Foul Ball, location: 2F 1-1: Called Strike 1-2: Ball 2-2: Ball 3-2: Foul Ball, location: 2F 3-2: Base on Balls
|
Pitching: RHP Luis Brown
|
|
Pinch Hitting: SHB Winikeneke Keikemamake
|
0-0: SINGLE (Groundball, 34D, EV 105.0 MPH) Javier Castaneda to second
|
Batting: LHB Justin Alexander
|
0-0: Ball 1-0: SINGLE (Line Drive, 8LM, EV 91.3 MPH) Javier Castaneda to third Winikeneke Keikemamake to second
|
Batting: LHB Brett Bugge
|
0-0: DOUBLE (Line Drive, 9LD, EV 113.8 MPH) Javier Castaneda scores Winikeneke Keikemamake scores Justin Alexander to third
|
Batting: RHB Mike Alm
|
0-0: Foul Ball, location: 2F 0-1: Swinging Strike 0-2: Ball 1-2: Strikes out swinging
|
Pinch Hitting: RHB Danny Guevara
|
0-0: Ball 1-0: Ball 2-0: Ground out 1-3 (Groundball, 13S, EV 54.4 MPH)
|
Bottom of the 7th over - 2 runs, 3 hits, 0 errors, 2 left on base; Detroit (APP) 0 - Orem 10 |
TOP OF THE 8TH |
Detroit (APP) Tigers batting - Pitching for Orem Owlz : RHP Owen Prouty
|
Now at 2B: Winikeneke Keikemamake
|
|
Now in CF: Danny Guevara
|
|
Batting: SHB Ross Holland
|
0-0: Foul Ball, location: 2F 0-1: Ball 1-1: Foul Ball, location: 2F 1-2: Ball 2-2: Foul Ball, location: 2F 2-2: Strikes out looking
|
Batting: LHB Jon Frederick
|
0-0: Ball 1-0: Foul Ball, location: 2F 1-1: Fly out, F6 (Popup, 6M, EV 71.3 MPH)
|
Batting: RHB Tony Murray
|
0-0: Foul Ball, location: 2F 0-1: Swinging Strike 0-2: Strikes out swinging
|
Top of the 8th over - 0 runs, 0 hits, 0 errors, 0 left on base; Detroit (APP) 0 - Orem 10 |
BOTTOM OF THE 8TH |
Orem Owlz batting - Pitching for Detroit (APP) Tigers : RHP Luis Brown
|
Batting: RHB Danny Bjarnson
|
0-0: Ball 1-0: Ball 2-0: Foul Ball, location: 2F 2-1: Called Strike 2-2: Hit by Pitch
|
Batting: RHB J.R. Roberts
|
0-0: Called Strike 0-1: Ball 1-1: Fly out, F8 (Flyball, 78D, EV 111.3 MPH)
|
Batting: RHB Jose Ramirez
|
0-0: Ball 1-0: Called Strike 1-1: Fielders Choice at 2nd, 3-6 (Groundball, 34S, EV 78.8 MPH)
|
Batting: RHB Javier Castaneda
|
0-0: Ball 1-0: Called Strike 1-1: Ball 2-1: Called Strike 2-2: Ball 3-2: Fly out, F8 (Flyball, 8LD, EV 89.4 MPH)
|
Bottom of the 8th over - 0 runs, 0 hits, 0 errors, 1 left on base; Detroit (APP) 0 - Orem 10 |
TOP OF THE 9TH |
Detroit (APP) Tigers batting - Pitching for Orem Owlz : RHP Owen Prouty
|
Batting: RHB Jose Evangelista
|
0-0: Foul Ball, location: 2F 0-1: Reached via error on a dropped throw from SS, E3 (Groundball, 6, EV 91.9 MPH)
|
Batting: RHB Billy Verdusco
|
0-0: Called Strike 0-1: Ball 1-1: Foul Ball, location: 2F 1-2: Ball 2-2: Fielders Choice at 2nd, 6-4 (Groundball, 6, EV 83.8 MPH)
|
Pinch Hitting: LHB Jon Pedlar
|
0-0: Ball 1-0: Foul Ball, location: 2F 1-1: Foul Ball, location: 2F 1-2: Fly out, F4 (Popup, 23, EV 88.8 MPH)
|
Batting: RHB Willie Ochoa
|
0-0: DOUBLE (Line Drive, 9LM, EV 105.6 MPH) Billy Verdusco to third
|
Batting: RHB Jon Goldstein
|
0-0: Called Strike 0-1: Called Strike 0-2: Ball 1-2: Ball 2-2: Foul Ball, location: 2F 2-2: Foul Ball, location: 2F 2-2: Ball Wild Pitch! Billy Verdusco scores Willie Ochoa to third 3-2: Foul Ball, location: 2F 3-2: Foul Ball, location: 2F 3-2: Foul Ball, location: 2F 3-2: Base on Balls
|
Batting: RHB Cory Wilkins
|
0-0: Called Strike 0-1: Foul Ball, location: 2F 0-2: Ball 1-2: Ball 2-2: Foul Ball, location: 2F 2-2: Foul Ball, location: 2F 2-2: Foul Ball, location: 2F 2-2: Foul Ball, location: 2F 2-2: Ball 3-2: Base on Balls Jon Goldstein to second
|
Pitching: RHP Tim Anderson
|
|
Batting: SHB Ross Holland
|
0-0: Called Strike 0-1: GRAND SLAM HOME RUN (Flyball, 7D, EV 97.5 MPH), Distance : 379 ft
|
Batting: LHB Jon Frederick
|
0-0: Called Strike 0-1: Foul Ball, location: 2F 0-2: Ball 1-2: Foul Ball, location: 2F 1-2: Strikes out swinging
|
Top of the 9th over - 5 runs, 2 hits, 1 error, 0 left on base; Detroit (APP) 5 - Orem 10 |
|